Map: Lightshade LE

Players

ShoWTimE - Winner!

  • Race: Protoss Protoss

Kas

  • Race: Terran Terran

Event: DreamHack SC2 Masters 2021 Fall

VOD

Have the link to the VOD?

Description

Time

  • Played on: July 29, 2021, 3:33 p.m.
  • Length: 13:07

All games in this series

Show
View Real Time Build Order
Export as new Build Order

ShoWTimE Protoss - Winner!

Build Orders: 1 Gate Expand, Oracle Opening 

Get SALT Encoding   

  12  0:00  Probe  
  13  0:12  Probe  
  14  0:17  Pylon  
  14  0:24  Probe  
  15  0:35  Gateway  
  15  0:36  Probe (Chrono Boost)  
  16  0:46  Assimilator, Probe (Chrono Boost)  
  17  0:51  Probe (Chrono Boost)  
  18  1:03  Probe  
  19  1:15  Probe  
  20  1:22  Nexus  
  20  1:31  Cybernetics Core  
  20  1:34  Probe  
  21  1:40  Assimilator  
  21  1:46  Probe  
  22  1:50  Pylon  
  22  1:58  Probe  
  23  2:06  Adept (Chrono Boost)  
  23  2:10  Probe  
  26  2:19  Stargate  
  26  2:23  Probe (Chrono Boost)  
  26  2:26  Adept (Chrono Boost)  
  29  2:33  Warp Gate  
  29  2:34  Probe (Chrono Boost)  
  31  2:41  Probe (Chrono Boost)  
  31  2:43  Probe (Chrono Boost)  
  32  2:48  Adept, Probe x2 (Chrono Boost)  
  36  2:59  Probe  
  36  3:00  Probe  
  36  3:03  Pylon, Oracle (Chrono Boost)  
  38  3:11  Probe  
  38  3:12  Probe  
  43  3:20  Adept  
  43  3:23  Probe  
  43  3:24  Probe  
  47  3:34  Oracle (Chrono Boost)  
  47  3:35  Pylon, Probe  
  47  3:36  Probe  
  52  3:47  Nexus  
  52  3:49  Probe  
  52  3:52  Probe  
  54  3:59  Gateway  
  54  4:04  Phoenix, Probe x2  
  54  4:07  Pylon  
  58  4:10  Assimilator  
  58  4:12  Assimilator  
  58  4:16  Probe x2  
  60  4:22  Robotics Facility  
  60  4:28  Probe  
  60  4:29  Probe  
  62  4:31  Pylon  
  62  4:37  Twilight Council  
  62  4:40  Probe  
  62  4:41  Probe  
  64  4:50  Gateway  
  64  4:51  Gateway  
  64  4:53  Gateway, Probe x2  
  66  5:04  Sentry  
  66  5:05  Probe x2  
  66  5:06  Charge (Chrono Boost), Probe  
  71  5:10  Observer  
  72  5:16  Robotics Bay  
  72  5:17  Probe x2  
  72  5:18  Shield Battery, Probe  
  72  5:29  Zealot x2, Probe x2  
  72  5:30  Probe  
  72  5:32  Pylon  
  72  5:33  Immortal (Chrono Boost)  
  79  5:41  Probe  
  84  5:44  Pylon  
  84  5:48  Zealot x3  
  90  5:50  Zealot  
  90  5:52  Zealot  
  90  5:55  Pylon  
  94  5:59  Pylon  
  94  6:04  Phoenix (Chrono Boost)  
  96  6:11  Colossus (Chrono Boost)  
  96  6:13  Zealot x5  
  96  6:15  Pylon  
  112  6:27  Phoenix (Chrono Boost)  
  112  6:31  Pylon, Probe  
  115  6:37  Sentry  
  115  6:38  Zealot x4  
  125  6:43  Pylon, Extended Thermal Lance  
  125  6:46  Phoenix (Chrono Boost)  
  125  6:50  Probe x2  
  125  6:52  Probe  
  125  6:54  Assimilator x2  
  130  6:59  Pylon  
  130  7:02  Colossus (Chrono Boost)  
  136  7:09  Phoenix (Chrono Boost)  
  138  7:17  Forge, Probe x3  
  138  7:18  Forge  
  141  7:29  Phoenix  
  143  7:37  Zealot x4  
  147  7:38  Zealot  
  147  7:43  Probe  
  154  7:44  Pylon  
  154  7:54  Protoss Ground Armor Level 1 (Chrono Boost), Phoenix  
  154  7:57  Observer  
  153  7:59  Colossus (Chrono Boost)  
  153  8:01  Probe  
  153  8:02  Protoss Ground Weapons Level 1 (Chrono Boost)  
  153  8:05  Zealot x4  
  164  8:12  Pylon  
  164  8:16  Nexus  
  164  8:23  Probe  
  164  8:25  Phoenix (Chrono Boost), Probe  
  165  8:30  Probe  
  165  8:35  Zealot x5, Probe  
  167  8:41  Probe  
  167  8:42  Phoenix (Chrono Boost), Probe  
  167  8:47  Probe  
  141  8:52  Warp Prism (Chrono Boost)  
  135  8:56  Gateway  
  135  8:59  Gateway, Sentry x2  
  135  9:00  Zealot x2  
  135  9:01  Gateway  
  135  9:02  Probe x2  
  145  9:03  Probe  
  145  9:08  Phoenix  
  144  9:19  Blink (Chrono Boost)  
  144  9:26  Probe  
  144  9:27  Stalker x5  
  155  9:34  Shield Battery  
  155  9:36  Observer  
  155  9:41  Assimilator  
  155  9:43  Assimilator, Gateway  
  155  9:44  Probe x2  
  157  9:54  Zealot x5  
  167  10:01  Pylon  
  167  10:05  Pylon  
  167  10:07  Disruptor, Protoss Ground Armor Level 2 (Chrono Boost)  
  167  10:09  Robotics Facility  
  170  10:16  Protoss Ground Weapons Level 2 (Chrono Boost)  
  170  10:18  Stalker x6  
  182  10:25  Stalker x2  
  162  10:44  Observer  
  165  10:52  Nexus  
  165  10:54  Pylon, Stalker x4, Zealot  
  165  10:55  Disruptor x2 (Chrono Boost), Zealot x3  
  182  11:10  Photon Cannon  
  182  11:12  Shield Battery, Dark Shrine  
  182  11:15  Zealot x4  
  193  11:29  Disruptor (Chrono Boost)  
  193  11:31  Disruptor (Chrono Boost)  
  181  11:58  Disruptor, Zealot x8  
  181  11:59  Disruptor  
  159  12:15  Stalker  
  139  12:23  Stalker x2  
  139  12:24  Stalker x6  
  139  12:26  Probe x3  
  155  12:37  Gateway  
  155  12:40  Zealot  
  155  12:41  Gateway  
  157  12:50  Zealot x8  
Show
View Real Time Build Order
Export as new Build Order

Kas Terran 

Build Orders: Reaper Expand 

Get SALT Encoding   

  12  0:00  SCV  
  13  0:12  SCV  
  14  0:16  Supply Depot  
  14  0:24  SCV  
  15  0:38  SCV  
  15  0:40  Barracks  
  15  0:42  Refinery  
  16  0:50  SCV  
  17  1:02  SCV  
  18  1:14  SCV  
  19  1:28  Reaper, Orbital Command  
  20  1:48  Command Center  
  20  1:53  Supply Depot  
  20  1:54  SCV  
  21  2:00  Marine  
  22  2:06  SCV  
  23  2:11  Factory  
  23  2:18  SCV  
  23  2:20  Bunker  
  24  2:23  Barracks Reactor  
  24  2:30  SCV  
  24  2:31  Refinery  
  25  2:42  SCV  
  26  2:54  SCV  
  26  2:55  Hellion  
  26  2:57  Starport  
  29  3:01  Marine x2  
  29  3:04  Orbital Command  
  31  3:12  SCV  
  32  3:17  Factory Tech Lab  
  32  3:19  Marine  
  32  3:20  Marine  
  32  3:24  SCV  
  34  3:30  SCV  
  35  3:35  Viking  
  35  3:36  SCV  
  38  3:42  SCV  
  38  3:44  Cyclone  
  38  3:46  Marine  
  44  3:49  SCV  
  45  3:57  Supply Depot, SCV  
  45  4:01  Barracks  
  45  4:04  Barracks  
  45  4:07  SCV  
  45  4:09  Starport Tech Lab  
  46  4:16  Supply Depot  
  46  4:18  Marine x2, SCV  
  46  4:22  SCV  
  50  4:25  Refinery  
  50  4:30  SCV  
  51  4:32  Engineering Bay  
  51  4:34  SCV  
  51  4:36  Starport Reactor  
  52  4:39  Refinery, Marine x2  
  52  4:40  Factory Reactor  
  52  4:42  SCV  
  55  4:46  Supply Depot, SCV  
  56  4:54  SCV  
  56  4:57  Marine  
  56  4:58  SCV  
  58  5:01  Combat Shield  
  58  5:02  Stimpack  
  58  5:05  Terran Infantry Weapons Level 1  
  58  5:07  SCV  
  58  5:09  Supply Depot  
  58  5:10  Supply Depot, SCV  
  57  5:21  SCV  
  57  5:22  Marine x2, Marauder x2  
  57  5:25  SCV  
  65  5:29  Widow Mine  
  65  5:30  Widow Mine  
  65  5:34  SCV  
  65  5:35  Medivac  
  72  5:36  Medivac  
  72  5:37  Supply Depot  
  74  5:45  Supply Depot, Marauder  
  74  5:46  Marauder  
  74  5:48  SCV  
  74  5:49  Marine  
  80  5:51  Marine  
  81  5:57  Widow Mine  
  81  5:58  Widow Mine  
  81  5:59  SCV  
  81  6:00  SCV  
  81  6:02  Supply Depot  
  87  6:10  Marine  
  87  6:11  Marine, Marauder  
  89  6:12  Marauder  
  89  6:16  SCV  
  89  6:17  SCV  
  95  6:29  Medivac x2  
  95  6:30  SCV, Widow Mine x2  
  104  6:39  Command Center  
  104  6:42  Marine, Marauder x2  
  104  6:46  Marine  
  110  6:54  Barracks x2  
  110  7:02  Terran Infantry Armor Level 1, Supply Depot x2  
  110  7:17  Marine x2  
  110  7:18  Widow Mine, Marauder x2  
  118  7:24  Widow Mine, SCV x2, Medivac x2  
  118  7:28  Concussive Shells  
  126  7:31  Supply Depot  
  126  7:32  Supply Depot x2  
  126  7:36  Marine x2, SCV  
  129  7:38  SCV  
  129  7:43  Barracks Reactor  
  130  7:45  Barracks Tech Lab  
  130  7:47  Armory  
  124  8:04  Marine  
  124  8:05  Marauder x2  
  122  8:07  SCV  
  122  8:09  Marauder  
  122  8:11  Medivac x2  
  122  8:16  Marine  
  122  8:17  Widow Mine  
  122  8:18  Widow Mine  
  127  8:21  SCV  
  127  8:24  Orbital Command  
  127  8:25  Marine x2  
  127  8:26  Marauder  
  122  8:47  Marine  
  122  8:48  Marauder x2  
  120  8:51  Marine x3, Marauder  
  120  8:52  Medivac x2  
  120  8:54  SCV x2  
  120  8:55  SCV  
  130  9:03  Terran Infantry Weapons Level 2  
  130  9:04  Refinery  
  130  9:06  SCV x2  
  130  9:09  Marauder  
  134  9:10  SCV  
  135  9:20  Marauder  
  135  9:22  Marine, Widow Mine x2  
  135  9:23  Marine, Marauder  
  145  9:31  Marauder  
  147  9:33  Marine x2  
  147  9:34  Medivac  
  147  9:35  Medivac, Command Center  
  153  9:42  Engineering Bay  
  153  9:50  Marine, Marauder x2  
  156  9:54  Ghost Academy  
  156  9:58  Missile Turret  
  156  10:05  Viking  
  156  10:06  Viking  
  156  10:08  SCV x2  
  156  10:09  Terran Infantry Armor Level 2  
  156  10:10  Starport  
  156  10:12  Terran Ship Weapons Level 1  
  158  10:27  Ghost  
  150  10:35  Ghost  
  145  10:37  Viking  
  145  10:40  Marine x3  
  145  10:41  Marine  
  151  10:42  Viking  
  151  10:45  Marauder  
  155  10:56  Marauder  
  157  11:01  Marine, Refinery  
  157  11:02  Sensor Tower  
  156  11:04  Marauder  
  156  11:06  Marauder  
  156  11:09  Viking  
  160  11:18  Marauder  
  162  11:25  SCV x2  
  162  11:29  Marine x3, Marauder  
  162  11:30  Marine, Marauder  
  171  11:36  Viking x2, Barracks  
  171  11:37  Barracks x2  
  171  11:38  Marine  
  176  11:42  Command Center  
  172  11:51  Marauder  
  151  11:54  Marauder  
  151  11:56  Marine x2  
  151  11:57  Marauder  
  151  11:59  Marine  
  131  12:02  Marine  
  126  12:12  Marauder  
  126  12:14  Marine x2  
  109  12:16  Marauder  
  109  12:17  Marine  
  109  12:18  Marauder  
  109  12:20  Marine  
  101  12:28  Viking x2  
  101  12:29  Viking x2  
  103  12:32  Marine x2  
  103  12:34  Barracks Reactor, Marine, Barracks Tech Lab x2, Marauder  
  103  12:37  SCV, Marauder  
  109  12:38  Marine  
  109  12:39  SCV  
  109  12:40  Marauder  

Tags
 
Add a new tag
Caveats
  • Supply blocks, unpowered buildings, or Contaminate may cause inaccurate times.
  • Supply counts are checked every 10 seconds.